[Event "*** SCC Grand Prix: Titled Tuesday Blitz"]
[Site "Chess.com"]
[Date "2020.10.06"]
[Round "10"]
[White "shineatchess"]
[Black "Kaslask"]
[Result "0-1"]
[WhiteElo "2171"]
[BlackElo "2318"]
[TimeControl "180+1"]
[EndTime "11:57:57 PDT"]
[Termination "Kaslask won on time"]

1. e4 c5 2. Nf3 Nc6 3. Bb5 e6 4. O-O Nge7 5. c3 a6 6. Bxc6 Nxc6 7. d4 d5 8. exd5 Qxd5 9. Re1 Be7 10. Ne5 O-O 11. Nxc6 Qxc6 12. d5 Qc7 13. c4 exd5 14. cxd5 Bd6 15. h3 Bf5 16. Nc3 Rfe8 17. Bd2 b5 18. Qf3 Bg6 19. Rac1 c4 20. Ne4 Be5 21. Bc3 Rad8 22. Rcd1 Bxc3 23. bxc3 Qe5 24. Re3 Bxe4 25.
Qe2 Rxd5 26. Rxd5 Qxd5 27. f3 f5 28. fxe4 fxe4 29. Kh2 Qe5+ 30. Kg1 Qf4 31. g3 Qf5 32. Kg2 h6 33. Kh2 Qe5 34. Kg2 Re6 35. Qe1 h5 36. h4 Qd5 37. Qe2 Qf5 38. Qe1 Qg4 39.
Qd2 Kh7 40. Qe1 Qf5 41. Qe2 Qe5 42. Kh2 Rg6 43. Kg2 Kh6 44. Kh2 Rd6 0-1

[Event "*** SCC Grand Prix: Titled Tuesday Blitz"]
[Site "Chess.com"]
[Date "2020.10.06"]
[Round "10"]
[White "Das_Virus_2020"]
[Black "Skatchkov_V"]
[Result "0-1"]
[WhiteElo "2388"]
[BlackElo "2571"]
[TimeControl "180+1"]
[EndTime "11:57:58 PDT"]
[Termination "Skatchkov_V won on time"]

1. e4 e5 2. Nc3 Nf6 3. g3 d5 4. exd5 Nxd5 5. Bg2 Nxc3 6. bxc3 Nc6 7. Ne2 Qf6 8. O-O Bc5 9. d3 O-O 10. Be3 Bxe3 11.
fxe3 Qh6 12. Qc1 Bg4 13. Rf2 Rae8 14. Rb1 b6 15. e4 Qh5 16. Qe3 Nd8 17. Kh1 Ne6 18. Ng1 c5 19. Bf3 c4 20. d4 Ng5 21.
d5 Nxf3 22. Nxf3 f5 23. Nd2 fxe4 24. Rbf1 Bh3 25. Rxf8+ Rxf8 26. Re1 Qf7 27. d6 Qd5 28. Nxe4 Bf5 29. Kg1 b5 30. Nf2 Qxd6 31. Qxe5 Qd7 32. Qc5 Bxc2 33. Re7 Qd2 0-1

[Event "*** SCC Grand Prix: Titled Tuesday Blitz"]
[Site "Chess.com"]
[Date "2020.10.06"]
[Round "10"]
[White "Margency"]
[Black "pastouche06"]
[Result "1/2-1/2"]
[WhiteElo "2653"]
[BlackElo "2498"]
[TimeControl "180+1"]
[EndTime "11:58:02 PDT"]
[Termination "Game drawn by repetition"]

1. e4 c6 2. d4 d5 3. exd5 cxd5 4. c4 Nf6 5. Nc3 Nc6 6. Bg5 Ne4 7. cxd5 Nxc3 8. bxc3 Qxd5 9. Nf3 Bg4 10. Be3 Bxf3 11.
Qxf3 Qxf3 12. gxf3 e6 13. Rb1 O-O-O 14. Rg1 g6 15. f4 Bd6 16. Rg5 b6 17. a4 Na5 18. c4 f5 19. c5 bxc5 20. dxc5 Be7 21. Ba6+ Kc7 22. Bd2 Rxd2 23. Kxd2 Bxg5 24. fxg5 Rb8 25.
Rxb8 Kxb8 26. Kc3 Kc7 27. f4 Nc6 28. Be2 e5 29. fxe5 Nxe5 30. Kd4 Nf7 31. h4 h6 32. Bc4 Nxg5 33. hxg5 hxg5 34. Bf7 g4 35. Bxg6 g3 36. Ke3 f4+ 37. Kf3 Kc6 38. Be8+ Kxc5 39.
Bd7 a5 40. Bb5 Kb4 41. Kg2 Ka3 42. Kf3 Kb4 43. Kg2 Ka3 44. Kf3 Kb4 1/2-1/2

[Event "*** SCC Grand Prix: Titled Tuesday Blitz"]
[Site "Chess.com"]
[Date "2020.10.06"]
[Round "10"]
[White "Guenplen"]
[Black "olksuna"]
[Result "1-0"]
[WhiteElo "2836"]
[BlackElo "2623"]
[TimeControl "180+1"]
[EndTime "11:58:03 PDT"]
[Termination "Guenplen won by resignation"]

1. d4 d5 2. Bf4 Nf6 3. e3 e6 4. Nd2 c5 5. c3 Nc6 6. Ngf3 Nh5 7. Bg5 f6 8. Bh4 g6 9. Be2 cxd4 10. Nxd4 Ng7 11.
O-O Be7 12. Bg3 O-O 13. Rc1 e5 14. Nxc6 bxc6 15. c4 Be6 16. Qa4 Qb6 17. Nb3 Rfc8 18. cxd5 cxd5 19. Ba6 Rxc1 20. Rxc1 Rd8 21. h3 Qb8 22. Na5 Qxb2 23. Rc7 Bf8 24. Nc6 Re8 25. Nxe5 Rb8 26. Ng4 Qa1+ 27. Kh2 Bxg4 28. Qxg4 Rb1 29.
Bf4 Nf5 30. Qxf5 gxf5 31. Bc8 Qxa2 32. Be6+ Kh8 33. Rc8 Kg7 34. Rc7+ Kg6 35. Bf7+ Kg7 36. Bxd5+ Kg6 37. Bxa2 1-0

[Event "*** SCC Grand Prix: Titled Tuesday Blitz"]
[Site "Chess.com"]
[Date "2020.10.06"]
[Round "10"]
[White "BigAl"]
[Black "Falcon28dz"]
[Result "0-1"]
[WhiteElo "2505"]
[BlackElo "2302"]
[TimeControl "180+1"]
[EndTime "11:58:03 PDT"]
[Termination "Falcon28dz won by checkmate"]

1. e4 e6 2. Nc3 d5 3. d4 Nf6 4. exd5 exd5 5. Bd3 Bd6 6. Qf3 c6 7. h3 O-O 8. Nge2 Re8 9. O-O Nbd7 10. Bg5 Be7 11.
Ng3 Nf8 12. Nf5 Bxf5 13. Bxf5 Ng6 14. Rfe1 h6 15. Bd2 Nh4 16. Qd3 Nxf5 17. Qxf5 Qb6 18. Qd3 Bd6 19. b3 Bb4 20. Na4 Qa5 21. c3 Bf8 22. f3 Qc7 23. Nc5 b6 24. Na4 Qg3 25. Qf1 Bd6 26. f4 Nh5 27. Re5 Bxe5 28. fxe5 f6 29.
Qe2 Nf4 30. Bxf4 Qxf4 31. Rf1 Qg5 32. Re1 fxe5 33. dxe5 Re6 34. Nb2 Rae8 35. Nd3 c5 36. c4 d4 37. Qe4 Qg6 38. Qd5 Qxd3 39. Kh2 Qd2 40. Re4 Qd3 41. Rg4 Kh7 42. Qd7 R8e7 43.
Qd8 Rxe5 44. Qf8 Qf5 45. Qb8 Re1 46. Rf4 Qe5 47. Qf8 Re4 48. g3 Rxf4 49. gxf4 Qe2+ 50. Kg3 Re3+ 51. Kh4 Qf2+ 52. Kg4 Qg2+ 53. Kf5 Qxh3# 0-1

[Event "*** SCC Grand Prix: Titled Tuesday Blitz"]
[Site "Chess.com"]
[Date "2020.10.06"]
[Round "10"]
[White "besarquis"]
[Black "MasterSonnevanck23"]
[Result "0-1"]
[WhiteElo "2206"]
[BlackElo "2354"]
[TimeControl "180+1"]
[EndTime "11:58:03 PDT"]
[Termination "MasterSonnevanck23 won on time"]

1. e4 g6 2. d4 Bg7 3. Nc3 d6 4. f4 Nf6 5. Nf3 O-O 6. Bd3 Nc6 7. O-O e5 8. dxe5 dxe5 9. f5 Nb4 10. Bg5 Nxd3 11.
cxd3 h6 12. Bh4 gxf5 13. Kh1 f4 14. Nxe5 Qd6 15. d4 c5 16. Nf3 Qa6 17. d5 Bg4 18.
Qd2 Nh5 19. e5 Bxf3 20. gxf3 Bxe5 21. Rg1+ Kh8 22. Qc2 Bf6 23. Qf5 Bxh4 24. Qxh5 Bf2 25. Rg2 Bd4 26. Re1 Rg8 27. Rge2 Qg6 28. Qxg6 Rxg6 29. Nb5 Be3 30. h4 Rd8 31. Nxa7 Rxd5 32. Nb5 Rh5 33. Rh2 Rg3 34. Rf1 c4 35. Nd6 Kg8 36. Nxb7 Rd5 37. Rc2 Rd4 38. Na5 Rd5 39. Nxc4 Rh5 0-1

[Event "*** SCC Grand Prix: Titled Tuesday Blitz"]
[Site "Chess.com"]
[Date "2020.10.06"]
[Round "10"]
[White "IANOV0007"]
[Black "Korchmar_Vasiliy"]
[Result "0-1"]
[WhiteElo "2437"]
[BlackElo "2573"]
[TimeControl "180+1"]
[EndTime "11:58:05 PDT"]
[Termination "Korchmar_Vasiliy won by resignation"]

1. Nf3 Nf6 2. g3 g6 3. b3 Bg7 4.
Bb2 b6 5. Bg2 Bb7 6. c4 O-O 7.
O-O c5 8. Nc3 Nc6 9. d3 d6 10.
e4 e5 11. Qd2 Qd7 12. Rae1 Rae8 13. Nh4 Nh5 14. Qd1 Qd8 15. Nf5 Nf4 16. Nxd6 Qxd6 17. gxf4 exf4 18. Nb5 Qd7 19. Bxg7 Kxg7 20. Qd2 Ne5 21.
Qxf4 Nxd3 22. Rd1 Nxf4 23. Rxd7 Bxe4 24. Bxe4 Rxe4 25. Rxa7 Rd8 26. Nc3 Re5 27. Nd5 Rg5+ 28. Kh1 Nxd5 29. Rd1 Rf5 30. Rxd5 Rdxd5 31. cxd5 Rxf2 32.
d6 Rd2 33. d7 b5 34. a4 bxa4 35. bxa4 c4 36. Rc7 c3 37. a5 c2 38. Rxc2 Rxd7 39.
a6 Rd1+ 40. Kg2 Ra1 41. Rc6 Ra3 42. h4 h6 43. Kh2 g5 44. hxg5 hxg5 45. Kg2 f6 46.
Kf2 Kg6 47. Ke2 Kf5 48. Kd2 g4 49. Ke2 Kg5 50. Kf2 f5 51. Kg2 f4 52. Kf2 Ra2+ 53.
Kg1 g3 54. Kf1 Kg4 55. Rg6+ Kf3 56. Ke1 Ra1+ 57. Kd2 g2 58. Kc3 Rxa6 59. Rxa6 g1=Q 60. Ra3 Qe3+ 61. Kb2 Qxa3+ 0-1

[Event "*** SCC Grand Prix: Titled Tuesday Blitz"]
[Site "Chess.com"]
[Date "2020.10.06"]
[Round "10"]
[White "The_Machine04"]
[Black "Blagorod"]
[Result "1-0"]
[WhiteElo "2325"]
[BlackElo "2188"]
[TimeControl "180+1"]
[EndTime "11:58:05 PDT"]
[Termination "The_Machine04 won on time"]

1. d4 d5 2. Bf4 Nf6 3. e3 Bf5 4.
c4 e6 5. Nc3 Bd6 6. Bg3 O-O 7.
Qb3 b6 8. Nf3 c5 9. cxd5 Bxg3 10. hxg3 exd5 11. Be2 Nc6 12. Rd1 Nb4 13. Rd2 Ne4 14.
Nxe4 Bxe4 15. a3 Nc6 16. Qb5 Rc8 17. O-O c4 18. Rdd1 Re8 19. Nd2 Bg6 20. Bf3 Ne7 21. Nb1 Qd6 22. Nc3 Red8 23. Qb4 Qe6 24. Rfe1 Bc2 25.
Rc1 Bb3 26. a4 Nc6 27. Qa3 Ne7 28. a5 bxa5 29. Qxa5 Nc6 30. Qa3 a5 31. e4 1-0

[Event "*** SCC Grand Prix: Titled Tuesday Blitz"]
[Site "Chess.com"]
[Date "2020.10.06"]
[Round "10"]
[White "ARTHURMOTIVATOR"]
[Black "reutik"]
[Result "1/2-1/2"]
[WhiteElo "2326"]
[BlackElo "2197"]
[TimeControl "180+1"]
[EndTime "11:58:06 PDT"]
[Termination "Game drawn by repetition"]

1. e4 e6 2. b3 d5 3. Bb2 dxe4 4. Nc3 Nf6 5. Qe2 Nbd7 6. O-O-O Be7 7. g4 h6 8. Bg2 Nc5 9. h4 Bd7 10. g5 hxg5 11. hxg5 Rxh1 12. Bxh1 Ng8 13. Nxe4 Nxe4 14. Bxe4 Bxg5 15. Bxb7 Rb8 16. Be4 Bf6 17. d4 c6 18.
Kb1 Qa5 19. f4 Ne7 20. Nf3 Nd5 21. f5 Kd8 22. fxe6 fxe6 23. Ne5 Bxe5 24. dxe5 Nc3+ 25. Bxc3 Qxc3 26. Qg2 Kc7 27. Qxg7 Rd8 28. Bg2 a5 29. Rd3 Qe1+ 30. Kb2 a4 31. a3 axb3 32. Rxb3 Qf2 33. Bxc6 Qd4+ 34. Rc3 Rb8+ 35. Bb5+ Qxc3+ 36. Kxc3 Rxb5 37. Qh8 Rc5+ 38. Kd2 Rd5+ 39. Kc1 Ra5 40. Kb2 Rb5+ 41. Kc1 Ra5 42. Kb2 Rb5+ 43. Kc1 Ra5 1/2-1/2

[Event "*** SCC Grand Prix: Titled Tuesday Blitz"]
[Site "Chess.com"]
[Date "2020.10.06"]
[Round "10"]
[White "Zhigalko_Sergei"]
[Black "Harsha_Bharathakoti"]
[Result "1-0"]
[WhiteElo "2924"]
[BlackElo "2751"]
[TimeControl "180+1"]
[EndTime "11:58:07 PDT"]
[Termination "Zhigalko_Sergei won on time"]

1. e4 c6 2. d4 d5 3. e5 Bf5 4. Nf3 e6 5. Be2 c5 6. Be3 Qb6 7. Nc3 Nc6 8. dxc5 Bxc5 9. Bxc5 Qxc5 10. Nb5 Kf8 11. Nbd4 Nge7 12. O-O Rd8 13. Re1 h6 14. c3 Kg8 15. Nxf5 Nxf5 16. Bd3 Nfe7 17. Qd2 h5 18.
Qf4 Rh6 19. Rad1 Ng6 20. Qd2 Qe7 21. g3 h4 22. Kg2 hxg3 23. hxg3 f6 24. Bxg6 Rxg6 25.
Qe3 Rf8 26. Rd2 Qf7 27. exf6 Rxf6 28. Ng5 Qg6 29. Ree2 Ne7 30. f4 Nf5 31. Qe5 Nh6 32. Qd6 Ng4 33. Rxe6 Qh5 34. Qxd5 Qh2+ 35. Kf1 1-0

[Event "*** SCC Grand Prix: Titled Tuesday Blitz"]
[Site "Chess.com"]
[Date "2020.10.06"]
[Round "10"]
[White "BeanScreen"]
[Black "KonstantinB_1983"]
[Result "1-0"]
[WhiteElo "2671"]
[BlackElo "2524"]
[TimeControl "180+1"]
[EndTime "11:58:08 PDT"]
[Termination "BeanScreen won on time"]

1. e4 d5 2. exd5 Qxd5 3. Nc3 Qd6 4. d4 Nf6 5. Nf3 Bg4 6. Bc4 a6 7.
O-O Nc6 8. h3 Bxf3 9. Qxf3 Qxd4 10. Nd5 O-O-O 11. Nxf6 Qxc4 12. Ne4 Nd4 13. Qh5 Nxc2 14.
Qg4+ Kb8 15. Bf4 Nxa1 16. Rc1 Nc2 17. b3 Qc6 18. Ng5 e5 19. Nxf7 exf4 20. Nxd8 Qd6 21. Nf7 Qd2 22. Rd1 Qc3 23. Nxh8 Bc5 24. Qxf4 Nd4 25. Qe4 Qb2 26. Rf1 Qxa2 27. Nf7 Qxb3 28. Ne5 Bb6 29. Nd7+ Ka7 30. Qe8 Nc6 31. Rc1 Bd4 32.
Rf1 a5 33. Qc8 Ka6 34. Qxc7 Ba7 35. Qd6 1-0

[Event "*** SCC Grand Prix: Titled Tuesday Blitz"]
[Site "Chess.com"]
[Date "2020.10.06"]
[Round "10"]
[White "Nara_Kh"]
[Black "UCantHandleDenker"]
[Result "1/2-1/2"]
[WhiteElo "2393"]
[BlackElo "2538"]
[TimeControl "180+1"]
[EndTime "11:58:08 PDT"]
[Termination "Game drawn by repetition"]

1. e4 d6 2. d4 Nf6 3. Nc3 g6 4. Be3 Bg7 5. Qd2 c6 6. f3 b5 7. Bh6 Bxh6 8. Qxh6 b4 9. Nce2 Qa5 10. h4 Nbd7 11.
Nh3 c5 12. d5 Ba6 13. Qd2 Qb6 14. Nhf4 h5 15. Nh3 Ne5 16. b3 Rc8 17. Nef4 Bxf1 18.
Kxf1 c4 19. Ng5 O-O 20. Rc1 Qa6 21. Kg1 Qxa2 22. Kh2 cxb3 23. Qxb4 Rxc2 24. Rxc2 Qxc2 25. Qb7 b2 26. Kg3 a5 27. Re1 Nc4 28. Qxe7 b1=Q 29.
Rxb1 Qxb1 30. Qxf6 Qe1+ 31. Kh3 Ne3 32. Nge6 Qh1+ 33.
Kg3 Qe1+ 34. Kh3 Qh1+ 35. Kg3 Qe1+ 36. Kh3 1/2-1/2

[Event "*** SCC Grand Prix: Titled Tuesday Blitz"]
[Site "Chess.com"]
[Date "2020.10.06"]
[Round "10"]
[White "ChessicallyInclined"]
[Black "Tenamu"]
[Result "1-0"]
[WhiteElo "2514"]
[BlackElo "2368"]
[TimeControl "180+1"]
[EndTime "11:58:09 PDT"]
[Termination "ChessicallyInclined won by resignation"]

1. d4 e6 2. c4 Nf6 3. Nc3 c5 4. d5 exd5 5. cxd5 d6 6. e4 g6 7.
Nge2 Bg7 8. Ng3 O-O 9. Be2 h5 10. Bg5 Qa5 11. Qd2 Nh7 12. Bh4 b5 13. O-O Bd7 14.
Rfc1 Na6 15. a3 Rac8 16. Be7 Rfe8 17. Bxd6 Qb6 18. Bf4 c4 19. Be3 Qb7 20. f3 Nc5 21. Bd1 Nd3 22. Rcb1 a5 23. Be2 b4 24. axb4 axb4 25. Nd1 Nxb2 26. Nxb2 c3 27. Qe1 cxb2 28. Ra7 Qb8 29. Rxd7 Rc2 30. Bf1 Rec8 31. Ne2 Qb5 32. Ra7 Qb8 33. Ra4 b3 34. Rb4 Qa8 35. Rxb3 Qa2 36.
Rb7 h4 37. d6 h3 38. d7 Rd8 39. Bb6 hxg2 40. Kxg2 Rxd7 41. Rxd7 Ng5 42. Rd8+ Kh7 43. Qh4+ Bh6 44. Rh8+ Kxh8 45. Qxh6+ Kg8 46. Bd4 f6 47. Qxg6+ Kf8 48. Qxf6+ Nf7 49. Rxb2 Rxb2 50. Bxb2 Qc4 51. Ng3 Qc2+ 52. Be2 Qc6 53. Ba3+ Kg8 54. Qxc6 1-0

[Event "*** SCC Grand Prix: Titled Tuesday Blitz"]
[Site "Chess.com"]
[Date "2020.10.06"]
[Round "10"]
[White "Jumbo"]
[Black "Oleksandr_Bortnyk"]
[Result "0-1"]
[WhiteElo "2735"]
[BlackElo "2900"]
[TimeControl "180+1"]
[EndTime "11:58:10 PDT"]
[Termination "Oleksandr_Bortnyk won on time"]

1. d4 Nf6 2. c4 b6 3. Nc3 Bb7 4.
Qc2 e6 5. e4 Bb4 6. f3 d5 7.
cxd5 exd5 8. Qa4+ Nc6 9. Bb5 Qd7 10. e5 a6 11. Bxc6 Bxc3+ 12. bxc3 Bxc6 13. Qa3 Ng8 14. Nh3 Bb5 15. Nf4 Ne7 16. Kf2 O-O 17. Re1 Ng6 18.
Nh5 c5 19. Kg1 cxd4 20. cxd4 Rac8 21. Bh6 Qf5 22. Nxg7 Qc2 23. Rac1 Qd3 24. Qxd3 Bxd3 25. Nh5 Rfd8 26. Nf6+ Kh8 27. Nxd5 b5 28. Nf6 Bc4 29. d5 Bxa2 30. Rxc8 Rxc8 31. Ra1 Rc2 32. d6 Nxe5 33. d7 Nc6 34. Re1 Be6 35. h4 b4 36. h5 b3 37.
Bf8 h6 0-1

[Event "*** SCC Grand Prix: Titled Tuesday Blitz"]
[Site "Chess.com"]
[Date "2020.10.06"]
[Round "10"]
[White "GelmanAlexander"]
[Black "yourstrulyme"]
[Result "1-0"]
[WhiteElo "2579"]
[BlackElo "2438"]
[TimeControl "180+1"]
[EndTime "11:58:10 PDT"]
[Termination "GelmanAlexander won by resignation"]

1. d4 Nf6 2. Nc3 g6 3. e4 d5 4. e5 Ne4 5. Nce2 c5 6. f3 cxd4 7. fxe4 dxe4 8. Qxd4 Qc7 9. Nc3 Bg7 10. Bf4 Nc6 11. Qxe4 Bf5 12. Qe3 Nb4 13. Bb5+ Kf8 14. O-O-O Nxc2 15. Qe2 Nb4 16. Qc4 Qxc4 17. Bxc4 Rc8 18.
Nf3 e6 19. Bb3 Nd3+ 20. Rxd3 Bxd3 21. Rd1 Be4 22. Ng5 Bc6 23. Kb1 h6 24. Nge4 g5 25. Bg3 Ke7 26. h4 Rhg8 27. hxg5 hxg5 28.
Rf1 Be8 29. Nxg5 Bxe5 30. Bxe5 Rxg5 31. Bf6+ Kf8 32. Bxg5 Bc6 33. Bxe6 Rc7 34. Rxf7+ Rxf7 35. Bxf7 Kxf7 36. g3 Kg6 37. Bf4 Kf5 38. Kc2 Kg4 39.
Kd3 Bf3 40. b4 a6 41. Kd4 Bc6 42. Kc5 Kf5 43. a4 Be8 44. Kb6 Bc6 45. a5 Bf3 46.
Na4 1-0

[Event "*** SCC Grand Prix: Titled Tuesday Blitz"]
[Site "Chess.com"]
[Date "2020.10.06"]
[Round "10"]
[White "chessmadara"]
[Black "Playgood28"]
[Result "0-1"]
[WhiteElo "2128"]
[BlackElo "2302"]
[TimeControl "180+1"]
[EndTime "11:58:10 PDT"]
[Termination "Playgood28 won by resignation"]

1. c4 f5 2. g3 Nf6 3. Bg2 g6 4. Nf3 Bg7 5. O-O d6 6. d4 O-O 7.
Nc3 c6 8. e4 Nxe4 9. Nxe4 fxe4 10. Ng5 d5 11. cxd5 cxd5 12. Qb3 Kh8 13. Be3 Nc6 14. Rfd1 h6 15. Nh3 g5 16. Rac1 e6 17.
Qc2 Bd7 18. Kh1 Rc8 19. Ng1 Nxd4 20. Qb1 Nf5 21. Bxa7 Qa5 22. Be3 Nxe3 23. fxe3 Bc6 24. Ne2 Rf2 25. Nd4 Bxd4 26. Rxd4 Rcf8 27. a4 Qb6 28. b4 Bxa4 29. Qa1 Bc6 30. Rxd5+ Kg8 31.
Rd4 Re2 32. Qb1 Rff2 33. Bxe4 Rxh2+ 34. Kg1 Rxe3 35. Bxc6 Qxd4 36. Qg6+ Kf8 37. Rf1+ Rf3+ 38. Kxh2 Rxf1 39. Qxh6+ Qg7 40. Qxe6 bxc6 41. Qd6+ Kg8 42. Qd8+ Rf8 43. Qd3 Qh7+ 0-1

[Event "*** SCC Grand Prix: Titled Tuesday Blitz"]
[Site "Chess.com"]
[Date "2020.10.06"]
[Round "10"]
[White "BikingBrian"]
[Black "ailime26"]
[Result "1-0"]
[WhiteElo "2192"]
[BlackElo "1860"]
[TimeControl "180+1"]
[EndTime "11:58:10 PDT"]
[Termination "BikingBrian won on time"]

1. d4 d5 2. Bf4 Nf6 3. e3 e6 4. Nc3 Bb4 5. Ne2 O-O 6. a3 Bd6 7. Bg5 c5 8. Ng3 cxd4 9. exd4 Nc6 10. Be2 a6 11. O-O b5 12. Nh5 Be7 13. Bf4 Nxh5 14.
Bxh5 Bf6 15. Ne2 Bb7 16. c3 e5 17. dxe5 Bxe5 18. Bf3 Bxf4 19. Nxf4 Ne5 20. Bxd5 Bxd5 21.
Qxd5 Qf6 22. Rae1 Nc4 23. Nh5 Qg6 24. Nf4 Qg4 25. Nh3 Rad8 26. Qg5 Qxg5 27. Nxg5 h6 28. Ne4 Nd2 29. Nxd2 Rxd2 30. Rb1 Re8 31. b3 Rd3 32. c4 bxc4 33. bxc4 Rxa3 34. Rbc1 Kh7 35. c5 Rc8 36. c6 a5 37. c7 a4 38. Rfd1 Ra2 39. h4 a3 40. Rd8 Rxc7 41. Rxc7 Ra1+ 42. Kh2 a2 43. Ra8 Kg6 44. g4 h5 45. Rc6+ f6 46. f3 1-0

[Event "*** SCC Grand Prix: Titled Tuesday Blitz"]
[Site "Chess.com"]
[Date "2020.10.06"]
[Round "10"]
[White "NikolaGry"]
[Black "TigrVShlyape"]
[Result "0-1"]
[WhiteElo "2645"]
[BlackElo "2834"]
[TimeControl "180+1"]
[EndTime "11:58:11 PDT"]
[Termination "TigrVShlyape won on time"]

1. d4 f5 2. Nf3 Nf6 3. g3 g6 4. Bg2 Bg7 5. O-O d6 6. c4 O-O 7. Nc3 c6 8. b3 a5 9. a3 Na6 10.
Qd3 Rb8 11. Bg5 Nc7 12. Rac1 b5 13. cxb5 cxb5 14. Bxf6 Bxf6 15. Nd2 Bd7 16. Nd5 Nxd5 17. Bxd5+ Kh8 18. Bc6 b4 19. a4 f4 20. gxf4 Rc8 21. Bxd7 Qxd7 22. Qe4 Rc3 23. Rb1 Rfc8 24. e3 Rc2 25.
Rfd1 R8c3 26. Qg2 d5 27. Nf3 Qf5 28. h3 e6 29. Ne5 Bh4 30. Rf1 Re2 31. Nf3 Bf6 32.
Rbc1 Kg7 33. Rfd1 Rec2 34. Rb1 Qe4 35. Ne5 Qxg2+ 36. Kxg2 Rxe3 37. Rbc1 Rec3 38. Rxc2 Rxc2 39. Rd3 Bh4 40. Rf3 h5 41. Kg1 Kf6 42. Kg2 Kf5 43.
Kg1 Rc3 44. Kg2 Rc2 45. Kg1 Bd8 46. Kg2 Bb6 47. Rg3 Bxd4 48. Rg5+ Kxf4 0-1

[Event "*** SCC Grand Prix: Titled Tuesday Blitz"]
[Site "Chess.com"]
[Date "2020.10.06"]
[Round "10"]
[White "szefru"]
[Black "DariaVoit"]
[Result "1-0"]
[WhiteElo "2238"]
[BlackElo "2499"]
[TimeControl "180+1"]
[EndTime "11:58:11 PDT"]
[Termination "szefru won by resignation"]

1. e4 Nf6 2. e5 Nd5 3. Bc4 Nb6 4. Bb3 d6 5. d4 g6 6. Qf3 e6 7. Ne2 Bg7 8. exd6 cxd6 9. O-O O-O 10. c3 Bd7 11.
Bf4 Bc6 12. Qg3 Bb5 13. Re1 d5 14. a4 Ba6 15. Nd2 Nc6 16. h4 h5 17. Bg5 Bf6 18. Bxf6 Qxf6 19. Nf4 Kh7 20. Bc2 Kh8 21. Nf3 Nc4 22.
b3 Nd6 23. Nxg6+ fxg6 24. Qxd6 Rae8 25. Qg3 Kg7 26. Ne5 Nxe5 27. Rxe5 Rg8 28. Rae1 Kh8 29. Rg5 b5 30. axb5 Bxb5 31. Bxg6 Re7 32. Bxh5 Reg7 33. Ree5 Bd7 34. Rxg7 Rxg7 35. Rg5 a5 36. Be2 Be8 37.
Qb8 Qf8 38. Bh5 Re7 39. Bxe8 Qxe8 40. Qe5+ Kh7 41. Rh5+ Kg8 42. Qg5+ Kf7 43. Rh7+ Kf8 44. Rh8+ Kf7 45. Rxe8 Kxe8 1-0

[Event "*** SCC Grand Prix: Titled Tuesday Blitz"]
[Site "Chess.com"]
[Date "2020.10.06"]
[Round "10"]
[White "LedakovAlexandr"]
[Black "nurgyulsalimova"]
[Result "0-1"]
[WhiteElo "2465"]
[BlackElo "2608"]
[TimeControl "180+1"]
[EndTime "11:58:12 PDT"]
[Termination "nurgyulsalimova won by resignation"]

1. d4 Nf6 2. Nf3 e6 3. Bg5 d5 4. Nbd2 Be7 5. e3 O-O 6. Bd3 b6 7. Ne5 c5 8. c3 Nfd7 9. Bf4 Nxe5 10.
dxe5 Ba6 11. Bc2 d4 12. Qh5 g6 13. Qf3 dxc3 14. bxc3 Nd7 15. O-O-O c4 16. Ne4 Qc8 17. Qh3 Rd8 18. Bg5 Bxg5 19. Nxg5 Nf8 20. Qf3 Qc7 21.
Qf4 Bb7 22. Be4 h6 23. Nxf7 Qxf7 24. Qxf7+ Kxf7 25. Bxb7 Rab8 26. Be4 Nd7 27. f4 Nc5 28. Bc2 b5 29. Rd4 Rdc8 30. Rhd1 a5 31. a3 b4 32. axb4 axb4 33. Rxc4 b3 34. Bb1 b2+ 35. Kc2 Nb3 36.
Rxc8 Na1+ 37. Kd3 Rxc8 38. c4 Rd8+ 39. Ke2 Rc8 40. Bd3 Nb3 41. Rb1 Nc1+ 42. Kd2 Rd8 43. Rxb2 Nxd3 44. Rb7+ Kg8 45. Kc3 Nc5 46. Rb6 Na4+ 47.
Kb4 Nxb6 48. c5 Nd5+ 0-1

[Event "*** SCC Grand Prix: Titled Tuesday Blitz"]
[Site "Chess.com"]
[Date "2020.10.06"]
[Round "10"]
[White "UmarovSabir"]
[Black "gui_borba"]
[Result "0-1"]
[WhiteElo "2375"]
[BlackElo "2499"]
[TimeControl "180+1"]
[EndTime "11:58:13 PDT"]
[Termination "gui_borba won on time"]

1. e4 c6 2. d4 d5 3. Bd3 dxe4 4. Bxe4 Nf6 5. Bf3 Bf5 6. Ne2 e6 7. O-O Nbd7 8. Nd2 Be7 9. Nc4 O-O 10. Bf4 Nb6 11. Ne5 Be4 12. Bxe4 Nxe4 13. Qd3 Nf6 14. Rad1 Nbd5 15. Bg3 Qa5 16. a3 Rfd8 17. c4 Nb6 18. Qf3 Nbd7 19. b4 Qa6 20. h4 Nxe5 21. dxe5 Ne8 22.
c5 Nc7 23. Rd6 Bxd6 24. exd6 Nd5 25. h5 b6 26. h6 bxc5 27. Qg4 g6 28. bxc5 Qd3 29.
Nf4 Qf5 30. Nxd5 exd5 31. Qd4 f6 32. Qa4 Qd7 33. Qd4 Kf7 34. Bh4 Qf5 35. Qa4 Qd7 36.
Qd4 g5 37. Bg3 Kg6 38. Qd3+ Qf5 39. Qa6 Qd7 0-1

[Event "*** SCC Grand Prix: Titled Tuesday Blitz"]
[Site "Chess.com"]
[Date "2020.10.06"]
[Round "10"]
[White "canary2016"]
[Black "PawnEatingZombie"]
[Result "0-1"]
[WhiteElo "1900"]
[BlackElo "2187"]
[TimeControl "180+1"]
[EndTime "11:58:14 PDT"]
[Termination "PawnEatingZombie won by checkmate"]

1. Nf3 d5 2. c4 e6 3. d4 dxc4 4. g3 b5 5. Bg2 Bb7 6. O-O Nf6 7. a4 a6 8. Bf4 Nbd7 9. Qc2 Be7 10. Nbd2 O-O 11.
e4 c5 12. Rfd1 Qb6 13. dxc5 Bxc5 14. Nf1 Bxe4 15. Qd2 Rfd8 16. Ne3 Nf8 17. Qc3 Ng6 18. Bg5 Rxd1+ 19. Rxd1 Nd5 20. Qe1 Nxe3 21. Bxe3 Bxe3 22.
Qxe3 Qxe3 23. fxe3 Bd3 24. axb5 axb5 25. b3 Rd8 26.
bxc4 bxc4 27. Ne1 Ne5 28. Be4 f5 29. Bg2 Kf7 30. Nf3 Nxf3+ 31. Bxf3 Kf6 32. Kf2 e5 33.
Bc6 Rb8 34. Ba4 e4 35. h3 Rb2+ 36. Kg1 c3 37. Rc1 c2 38. Kf2 g5 39. Bd7 Rb1 40. Rxc2 Bxc2 41. Bc6 Bd3 42. Kg2 Rb2+ 43. Kg1 h5 44.
Bd5 f4 45. exf4 gxf4 46. gxf4 Kf5 47. Kh1 Kxf4 48. Kg1 Kg3 49. Kh1 Rb1# 0-1

[Event "*** SCC Grand Prix: Titled Tuesday Blitz"]
[Site "Chess.com"]
[Date "2020.10.06"]
[Round "10"]
[White "AldokhinIvan"]
[Black "maxip32"]
[Result "0-1"]
[WhiteElo "2535"]
[BlackElo "2419"]
[TimeControl "180+1"]
[EndTime "11:58:15 PDT"]
[Termination "maxip32 won by resignation"]

1. e4 c5 2. Nf3 d6 3. d4 cxd4 4. Nxd4 Nf6 5. Nc3 a6 6. Bc4 e6 7. Bb3 b5 8. O-O Be7 9. Re1 O-O 10. Qf3 Qb6 11. Be3 Qb7 12. Bg5 Nc6 13. Nxc6 Qxc6 14. Nd5 exd5 15. Bxf6 dxe4 16. Qh5 Bxf6 17. Bd5 Qc5 18. b4 Qxb4 19. Bxa8 Bxa1 20. Rxa1 Be6 21. Bb7 Rb8 22. Bd5 Qc5 23. Rd1 g6 24. Qg5 h6 25. Qd2 Bxd5 26. Qxd5 Qxd5 27. Rxd5 Rc8 28.
Rd2 Kf8 29. Kf1 Ke7 30. Ke1 Ke6 31. Kd1 d5 32. Kc1 Ke5 33. Kb2 d4 34. Rd1 f5 35.
Ra1 a5 36. a3 Rc3 37. Rd1 g5 38. Re1 g4 39. Re2 f4 40. Re1 f3 41. g3 e3 42. Rf1 Ke4 43. Re1 Rc5 44. Kb3 e2 45.
Kb2 d3 46. cxd3+ Kxd3 47. Ra1 Kd2 48. Kb3 e1=Q 0-1

[Event "*** SCC Grand Prix: Titled Tuesday Blitz"]
[Site "Chess.com"]
[Date "2020.10.06"]
[Round "10"]
[White "Manukyan_Artak"]
[Black "tmr88"]
[Result "1-0"]
[WhiteElo "2290"]
[BlackElo "2080"]
[TimeControl "180+1"]
[EndTime "11:58:15 PDT"]
[Termination "Manukyan_Artak won on time"]

1. e4 e5 2. Nf3 Nc6 3. d4 exd4 4. Nxd4 Nf6 5. Nxc6 bxc6 6. e5 Qe7 7. Qe2 Nd5 8. c4 Ba6 9. b3 g5 10. g3 Bg7 11. Bg2 O-O-O 12. Bb2 Rde8 13. O-O Bxe5 14.
Qxe5 Qxe5 15. Bxe5 Rxe5 16. cxd5 Bxf1 17. Kxf1 cxd5 18.
Nc3 c6 19. Rc1 Kd8 20. b4 h5 21. b5 g4 22. a4 h4 23. Nd1 hxg3 24. hxg3 Kc7 25.
Ne3 Kd6 26. Nxg4 Rg5 27. Ne3 Rgh5 28. Kg1 Re8 29. Bf3 Rhe5 30. Rd1 Rg5 31. g4 Kc7 32. Kg2 Rb8 33. Kg3 Rbg8 34. Kf4 R5g6 35. Nf5 Rf6 36. Rc1 Kb6 37. Ke5 Re6+ 38. Kf4 Rf6 39. Be2 c5 40. Rd1 d4 41. Bc4 Rf8 42. g5 Rg6 43. Kg4 1-0